 Dungeon Crawl Stone Soup version 0.31-a0-496-g6f97920a28 (webtiles) character file.

Game seed: 10493157535840245087

1166 zero the Carver (level 8, -4/73 HPs)
             Began as a Minotaur Gladiator on Aug 8, 2023.
             Succumbed to their own poison gas
             ... on level 6 of the Dungeon.
             The game lasted 00:04:37 (5248 turns).

zero the Carver (Minotaur Gladiator)                Turns: 5248, Time: 00:04:37

Health: -4/73      AC:  9    Str: 19    XL:     8   Next: 17%
Magic:  7/7        EV: 13    Int:  5    God:
Gold:   243        SH:  0    Dex: 14    Spells: 7/7 levels left

rFire   . . .        a - +0 long sword
rCold   . . .        (no shield)
rNeg    . . .        g - +0 chain mail
rPois   .            c - +0 hat
rElec   .            m - +0 cloak
rCorr   .            (no gloves)
SInv    .            (no boots)
Will    +....        v - amulet of the acrobat Stlth
                     o - +5 ring of evasion
HPRegen 0.32/turn    w - ring of willpower
MPRegen 0.10/turn

%: acrobat
@: confused, lethally poisoned (-4 -> -42), ambrosia-drunk
A: horns 2, retaliatory headbutt
a: no special abilities


You were on level 6 of the Dungeon.
You visited 1 branch of the dungeon, and saw 6 of its levels.

You collected 243 gold pieces.

Inventory:

Hand Weapons
 a - a +0 long sword (weapon)
Missiles
 d - 3 throwing nets (quivered)
 e - 5 javelins
 q - 10 poisoned darts
Armour
 c - a +0 hat (worn)
 g - a +0 chain mail (worn)
 m - a +0 cloak (worn)
Jewellery
 h - a ring of flight
 o - a +5 ring of evasion (left hand)
 s - a ring of protection from cold
 v - an amulet of the acrobat (around neck)
 w - a ring of willpower (right hand)
Wands
 x - a wand of mindburst (5)
Scrolls
 b - 2 scrolls of enchant armour {unknown}
 f - 8 scrolls of identify {unknown}
 i - a scroll of blinking {unknown}
 l - 3 scrolls of vulnerability {unknown}
 p - a scroll of noise
Potions
 j - 2 potions of heal wounds {unknown}
 k - 2 potions of lignification {unknown}
 n - a potion of ambrosia
 r - a potion of haste {unknown}
 u - 4 potions of curing {unknown}
 z - 2 potions of enlightenment {unknown}


   Skills:
 + Level 7.4 Fighting
 - Level 10.0 Long Blades
 - Level 2.0 Throwing
 - Level 3.2 Dodging


You had 7 spell levels left.
You didn't know any spells.
Your spell library contained the following spells:

 Spells                   Type           Power      Damage    Failure   Level
 Magic Dart               Conj           0%         1d3       99%         1
 Sting                    Tmut/Pois      0%         1d3       99%         1
 Call Imp                 Summ           0%         N/A       100%        2
 Cigotuvi's Dreadful Rot  Necr/Pois/Air  0%         N/A       100%        2
 Poisonous Vapours        Pois/Air       0%         N/A       100%        2
 Ignite Poison            Fire/Tmut/Pois 0%         N/A       100%        3
 Mephitic Cloud           Conj/Pois/Air  0%         N/A       100%        3
 Olgreb's Toxic Radiance  Pois           0%         N/A       100%        4
 Freezing Cloud           Conj/Ice/Air   0%         6-21      100%        5


Dungeon Overview and Level Annotations

Branches:
Dungeon (6/15)
 Temple: D:4-7

Altars:
The Shining One

Shops:
D:1 :(?[


Innate Abilities, Weirdness & Mutations

You have a pair of horns on your head.
You reflexively headbutt those who attack you in melee.


Message History

The hound completely misses you.
The hound pauses to sniff the ground.
The hound completely misses you. You furiously retaliate!
You headbutt the hound.
Okay, then.
As you read the scroll labelled PEQAKKO PYPSO, it crumbles to dust.
You hear a loud clanging noise!
It was a scroll of noise.
You hear an angry hiss.
You hear a shout! x3
The hound bites you but does no damage.
The air fills with toxic fumes!
As you read the scroll labelled SYUH EDWID, it crumbles to dust.
It was a scroll of poison.
The hound bites you.
Okay, then.
You closely miss the cyan ugly thing. You headbutt the cyan ugly thing!
The cyan ugly thing is almost dead.
It was a potion of ambrosia.
You are confused.
You feel invigorated. The cyan ugly thing gores you.
The cyan ugly thing shocks you!
Okay, then.
You hit the cyan ugly thing but do no damage.
The cyan ugly thing is almost dead.
The cyan ugly thing closely misses you.
The howler monkey hoots and howls with incredible vigour!
You hear a bark!
You bump into the rock wall.
The cyan ugly thing gores you. The cyan ugly thing shocks you!
* * * LOW HITPOINT WARNING * * *
Unknown command.
The cyan ugly thing attacks as you move away!
The cyan ugly thing completely misses you.
You are engulfed in poison gas.
You are lethally poisoned!
* * * LOW HITPOINT WARNING * * *
x2 You feel very sick.
You bump into the rock wall.
You are engulfed in poison gas.
You are more poisoned.
* * * LOW HITPOINT WARNING * * *
You die...

..............#
...§§☼§§☼...#.#
....§§§§§....#
.....§§§☼...# .#
......§☼§.##..:.
........Fh..## #
########h##..#
#u##.#.#
#§@§§§§#
######§§§# ## #


You could see a cyan ugly thing, a bullfrog and a hound.

Vanquished Creatures
  Grinder (D:5)
  Menkaure (D:5)
  An ogre (D:5)
  A phantom (D:6)
  2 scorpions
  A howler monkey (D:4)
  5 orc priests
  A gnoll bouda (D:4)
  Jessica (D:3)
  2 iguanas
  3 orc wizards
  4 gnolls
  8 adders
  A shadow imp (D:6)
  A worm (D:4)
  A dart slug (D:4)
  13 orcs
  4 bats
  6 endoplasms
  2 giant cockroaches
  5 goblins
  4 hobgoblins
  7 jackals
  A quokka (D:4)
  11 ball pythons
  4 frilled lizards
  9 kobolds
  3 rats
103 creatures vanquished.

Notes
Turn   | Place    | Note
-------+----------+-------------------------------------------
     0 | D:1      | zero the Minotaur Gladiator began the quest for the Orb.
     0 | D:1      | Reached XP level 1. HP: 18/18 MP: 0/0
   116 | D:1      | Found Ketol's Armour Shoppe.
   199 | D:1      | Reached skill level 4 in Long Blades
   207 | D:1      | Found a faded altar of an unknown god.
   237 | D:1      | Found Koluedif's Weapon Boutique.
   255 | D:1      | Reached XP level 2. HP: 24/25 MP: 1/1
   261 | D:1      | Found Esaantoq's Book Shoppe.
   386 | D:1      | Found Libreblini's Magic Scroll Boutique.
  1469 | D:2      | Reached skill level 5 in Long Blades
  1469 | D:2      | Reached XP level 3. HP: 30/30 MP: 2/2
  2309 | D:3      | Noticed Jessica
  2317 | D:3      | Killed Jessica
  2318 | D:3      | Reached XP level 4. HP: 27/38 MP: 3/3
  2493 | D:3      | Noticed a scorpion
  2502 | D:3      | Killed a scorpion
  2503 | D:3      | Reached skill level 6 in Long Blades
  2503 | D:3      | Reached XP level 5. HP: 41/46 MP: 4/4
  3092 | D:4      | Reached skill level 7 in Long Blades
  3170 | D:4      | Reached XP level 6. HP: 52/52 MP: 5/5
  4194 | D:5      | Entered Level 5 of the Dungeon
  4323 | D:4      | Reached skill level 8 in Long Blades
  4481 | D:4      | Reached skill level 5 in Fighting
  4487 | D:4      | HP: 2/56 [something/magic dart (7)]
  4676 | D:5      | Reached XP level 7. HP: 61/61 MP: 6/6
  4715 | D:5      | Noticed Menkaure
  4723 | D:5      | Killed Menkaure
  4724 | D:5      | Reached skill level 9 in Long Blades
  4814 | D:5      | Identified the +1 quarterstaff "Vudycun" {drain, *Noise
                  | rPois rN+++ Int+3}
  4861 | D:5      | Found a glowing golden altar of the Shining One.
  4892 | D:5      | Noticed Grinder
  4916 | D:5      | Killed Grinder
  5110 | D:5      | Reached skill level 10 in Long Blades
  5110 | D:5      | Reached XP level 8. HP: 69/71 MP: 7/7
  5225 | D:6      | Noticed a cyan ugly thing
  5248 | D:6      | HP: 1/73 [cloud of poison gas (8)]
  5248 | D:6      | Succumbed to their own poison gas

Illustrated notes

Levels and vault maps discovered:
D:1:      dpeg_cavernosity, layout_basic, serial_shops,
          nicolae_shop_rolling_square, shop, nicolae_book_shop_shelving, shop,
          hellmonk_ecumenical_altar_inner_sanctum
D:2:      layout_basic, serial_bayou, serial_bayou_pond_e, serial_bayou_lake_a,
          serial_bayou_crossing, serial_bayou_pond_a, hangedman_decor_riveting,
          minmay_split_cup_large
D:3:      layout_loops_ring, minmay_strange_pillars, minmay_quantized,
          uniq_jessica
D:4:      layout_basic, grunt_ministairs_14, chequers_serial_rivers_micro_e,
          serial_bayou_lagoon_b
D:5:      layout_rooms, nicolae_tso_swordbearing_angel, uniq_menkaure,
          uniq_grinder
D:6:      layout_rooms, mainiacjoe_overflow_24_doors,
          minmay_temple_entry_gardened_gates, wad_floor_pattern_1,
          minmay_manual_monstrance, uniq_eustachio

Skill      XL: |  1  2  3  4  5  6  7  8 |
---------------+-------------------------+-----
Long Blades    | 4 5 6 7 8 10 | 10.0
Fighting       | 3 4 5 6 7 |  7.4
Throwing       | |  2.0
Dodging        | |  3.2

Action                     |  1- 3 |  4- 6 |  7- 9 || total
---------------------------+-------+-------+-------++-------
  Melee: Long sword        |    63 |   122 |    69 ||   254
         Headbutt          |     8 |    31 |    17 ||    56
         Punch             |     1 |     1 |     1 ||     3
    Use: Scroll            |       |       |     2 ||     2
         Potion            |       |       |     1 ||     1
 Armour: Leather armour    |     8 |       |       ||     8
         Chain mail        |    23 |    73 |    25 ||   121
  Dodge: Dodged            |    32 |    92 |    52 ||   176

Table legend: (Time is in decaauts)
 A = Elapsed time spent in this place.
 B = Non-inter-level travel time spent in this place.
 C = Inter-level travel time spent in this place.
 D = Time resting spent in this place.
 E = Time spent auto-exploring this place.
 F = Levels seen in this place.
 G = Mean time per level.
                   A        B        C        D        E       F      G
               +--------+--------+--------+--------+--------+-----+--------+
         Total |   5277 |   4984 |    293 |    633 |   3667 |   6 |  879.5 |
       Dungeon |   5277 |   4984 |    293 |    633 |   3667 |   6 |  879.5 |
               +--------+--------+--------+--------+--------+-----+--------+

Top non-repeatable levels by time:
     D:4: 1583 daAuts
     D:1: 1354 daAuts
     D:3: 876 daAuts
     D:2: 873 daAuts
     D:5: 567 daAuts
     D:6: 22 daAuts
